 Dungeon Crawl Stone Soup version 0.30.1-3-gfc49f6343a (webtiles) character file.

Game seed: 5207877188782945854

189 Peloso the Slasher (level 5, -5/46 HPs)
             Began as a Minotaur Fighter on Aug 5, 2023.
             Slain by a gnoll
             ... wielding a +0 spear
              (7 damage)
             ... on level 3 of the Dungeon.
             The game lasted 00:04:28 (1631 turns).

Peloso the Slasher (Minotaur Fighter)               Turns: 1631, Time: 00:04:28

Health: -5/46      AC:  9    Str: 20    XL:     5   Next: 40%
Magic:  4/4        EV:  8    Int:  5    God:
Gold:   65         SH:  5    Dex: 12    Spells: 4/4 levels left

rFire   . . .        a - +0 long sword
rCold   . . .        d - +0 buckler
rNeg    . . .        c - +0 chain mail
rPois   .            (helmet restricted)
rElec   .            (no cloak)
rCorr   .            (no gloves)
SInv    .            (no boots)
Will    .....        (no amulet) Stlth
                     (no ring)
HPRegen 0.27/turn    (no ring)
MPRegen 0.09/turn

%: no passive effects
@: no status effects
A: horns 2, retaliatory headbutt
a: no special abilities


You were on level 3 of the Dungeon.
You visited 1 branch of the dungeon, and saw 3 of its levels.

You collected 65 gold pieces.

Inventory:

Hand Weapons
 a - a +0 long sword (weapon)
Armour
 b - a +0 scale mail
 c - a +0 chain mail (worn)
 d - a +0 buckler (worn)
Wands
 k - a wand of flame (9)
 l - a wand of iceblast (13)
Scrolls
 f - a scroll of immolation {unknown}
 g - a scroll of magic mapping {unknown}
 j - a scroll of fear {unknown}
 m - a scroll of teleportation {unknown}
 o - a scroll of noise {unknown}
Potions
 e - a potion of resistance {unknown}
 h - a potion of might
 i - a potion of cancellation {unknown}
 n - a potion of haste {unknown}


   Skills:
 + Level 4.3 Fighting
 + Level 4.6 Long Blades
 + Level 4.5 Armour
 + Level 1.3 Dodging
 + Level 0.2 Stealth
 + Level 4.6 Shields


You had 4 spell levels left.
You didn't know any spells.
Your spell library was empty.

Dungeon Overview and Level Annotations

Branches:
Dungeon (3/15)

Altars:
Cheibriados
Vehumet

Shops:
D:1 *

Annotations:
D:2 Sigmund
D:3 3 runed translucent doors, GeoRichter's ghost, amateur DEFE; Grinder


Innate Abilities, Weirdness & Mutations

You have a pair of horns on your head.
You reflexively headbutt those who attack you in melee.


Message History

You slash the gnoll!
You kill the gnoll!
The gnoll hits you from afar with a +0 spear.
The gnoll hits you with a +0 spear.
Items here: $ )) ? [ †.
You closely miss the gnoll. The gnoll hits you but does no damage.
The gnoll closely misses you.
You slash the gnoll!
You headbutt the gnoll, but do no damage.
The gnoll is severely wounded.
The gnoll hits you with a +0 spear.
You hit the gnoll.
You kill the gnoll!
You block the orc's attack.
You barely miss the orc. Your headbutt misses the orc.
The gnoll hits you but does no damage. The orc hits you with a +0 hand axe.
You slash the orc!
You kill the orc!
The gnoll barely misses you. The gnoll hits you but does no damage.
The gnoll hits you from afar with a +0 halberd.
Things that are here:
a +0 hand axe; 3 boomerangs; a +0 spear You hit the gnoll.
The gnoll is heavily wounded.
The gnoll hits you with a +0 spear. The gnoll barely misses you.
You barely miss the gnoll. Your headbutt misses the gnoll.
The gnoll is heavily wounded.
The gnoll hits you with a +0 spear.
The gnoll hits you from afar with a +0 halberd!
* * * LOW HITPOINT WARNING * * *
You block the gnoll's attack. The gnoll barely misses you.
You barely miss the gnoll.
The gnoll is heavily wounded.
The gnoll hits you with a +0 spear.
* * * LOW HITPOINT WARNING * * *
The gnoll barely misses you.
Okay, then.
The gnoll hits you from afar with a +0 spear!
You die...

#####≈~~~~~≈≈≈~~~....~~~~≈~~~~≈~~
≈≈ ≈≈≈≈≈≈≈≈≈≈~≈~....~~≈≈≈≈≈≈≈≈≈≈
~~≈ ~~~~~~~~~≈~~~....~~~~~~≈~~~~~
... ...........).[........)......
##.....##.#.#############.
##...###g..# ##### ## ##.## #g###
#...###. #.# #)# #.#..)).
#######)# #@# #...#### #.......#
#.# ##.## # #.####### #.# #.# #.#
..# #.# ### ##.## #_.# #.# #..
##.#.###### #.## #.# #.#
#.###.....# #. #.# #.#
#..#.####.# #. #.# #.# #.#.## #.#
#. #.# #.#


You could see 2 gnolls.

Vanquished Creatures
  Ijyb (D:3)
  An orc wizard (D:3)
  6 gnolls (D:3)
  An adder (D:3)
  A worm (D:1)
  A dart slug (D:1)
  12 orcs (D:3)
  4 endoplasms
  5 giant cockroaches (D:1)
  3 goblins
  6 hobgoblins
  5 jackals
  A quokka (D:2)
  2 ball pythons (D:1)
  3 bats (D:1)
  A frilled lizard (D:1)
  3 kobolds
56 creatures vanquished.

Notes
Turn   | Place    | Note
-------+----------+-------------------------------------------
     0 | D:1      | Peloso the Minotaur Fighter began the quest for the Orb.
     0 | D:1      | Reached XP level 1. HP: 19/19 MP: 0/0
    65 | D:1      | Reached XP level 2. HP: 24/27 MP: 1/1
   262 | D:1      | Found Ceot's General Store.
   525 | D:1      | Reached XP level 3. HP: 33/33 MP: 2/2
   688 | D:1      | Found a snail-covered altar of Cheibriados.
   838 | D:2      | Noticed Sigmund
   955 | D:3      | Reached XP level 4. HP: 36/40 MP: 3/3
  1080 | D:3      | Reached skill level 1 in Dodging
  1177 | D:3      | Noticed Ijyb
  1193 | D:3      | Killed Ijyb
  1341 | D:3      | Reached XP level 5. HP: 34/46 MP: 4/4
  1423 | D:3      | Noticed Grinder
  1484 | D:3      | Found a runed translucent gate.
  1484 | D:3      | Noticed GeoRichter's ghost (amateur DEFE)
  1487 | D:3      | Found a runed translucent gate.
  1487 | D:3      | Found a runed translucent gate.
  1606 | D:3      | Found a radiant altar of Vehumet.
  1630 | D:3      | HP: 2/46 [gnoll/+0 spear (5)]
  1631 | D:3      | Slain by a gnoll

Illustrated notes

Levels and vault maps discovered:
D:1:      dpeg_arrival_water_altar, layout_basic, serial_shops, shop,
          chequers_serial_rivers_small_3
D:2:      layout_rooms, uniq_sigmund
D:3:      lemuel_castle_with_subvaults [lemuel_castle_interior_carwin_1],
          layout_loops_ring, overflow_temple_1_default,
          gammafunk_ghost_nasty_kobolds, uniq_ijyb, uniq_grinder

Skill      XL: |  1  2  3  4 |
---------------+-------------+-----
Shields        | 4 |  4.6
Long Blades    | 3 4 |  4.6
Armour         | 4 |  4.5
Fighting       | 4 |  4.3
Dodging        | 1 |  1.3
Stealth        | |  0.2

Action                     |  1- 3 |  4- 6 || total
---------------------------+-------+-------++-------
  Melee: Long sword        |   104 |    85 ||   189
         Headbutt          |     8 |    13 ||    21
    Use: Potion            |     1 |       ||     1
 Armour: Scale mail        |    35 |       ||    35
         Chain mail        |    41 |    30 ||    71
  Dodge: Dodged            |    35 |    39 ||    74
  Block: Buckler           |    31 |    27 ||    58
